 Dungeon Crawl Stone Soup version 0.17-a0-491-gbd49765 (webtiles) character file.

295 Radiman the Cleaver (level 6, 0/51 HPs)
             Began as a Hill Orc Berserker on Apr 10, 2015.
             Was a Priest of Trog.
             Slain by a kobold
             ... wielding a +0 dagger
              (3 damage)
             ... on level 3 of the Dungeon.
             The game lasted 00:07:32 (2758 turns).

Radiman the Cleaver (Hill Orc Berserker)            Turns: 2758, Time: 00:07:34

Health: 0/51       AC:  6    Str: 22    XL:     6   Next: 34%
Magic:  6/6        EV: 10    Int:  7    God:    Trog [***...]
Gold:   205        SH:  0    Dex: 10    Spells: 0 memorised, 5 levels left

rFire  . . .     SeeInvis .     a - +0 hand axe
rCold  . . .     Clarity  .     m - +0 scale mail
rNeg   . . .     SustAb   .     (no shield)
rPois  .         Gourm    .     (no helmet)
rElec  .         Spirit   .     (no cloak)
rCorr  .         Warding  .     (no gloves)
rMut   .         Stasis   .     (no boots)
MR     .....                    (no amulet)
Stlth  ..........               (no ring)
                                (no ring)

@: lethally poisoned (0 -> -3), exhausted, slowed, very slow, not resistant to
hostile enchantments, extremely unstealthy
A: no striking features
a: Burn Spellbooks, Berserk, Trog's Hand, Renounce Religion


You were on level 3 of the Dungeon.
You worshipped Trog.
Trog was most pleased with you.
You were very hungry.

You visited 1 branch of the dungeon, and saw 3 of its levels.

You collected 205 gold pieces.

Inventory:

Hand weapons
 a - a +0 hand axe (weapon)
 p - a +0 blowgun
Missiles
 q - 6 poisoned needles
Armour
 m - a +0 scale mail (worn)
Scrolls
 f - 2 scrolls of enchant weapon {unknown}
 g - a scroll of magic mapping {unknown}
 h - 3 scrolls of identify {unknown}
 i - 2 scrolls of immolation {unknown}
 j - a scroll of teleportation {unknown}
 k - 2 scrolls of remove curse {unknown}
 n - a scroll of enchant armour {unknown}
Potions
 d - a potion of heal wounds {unknown}
 e - 3 potions of degeneration {unknown}
 l - 3 potions of curing {unknown}
 o - 2 potions of lignification {unknown}
Comestibles
 b - 2 chunks of flesh
 c - 4 bread rations


   Skills:
 - Level 3.6 Fighting
 * Level 9.1 Axes
 - Level 2.1 Armour
 - Level 1.5 Dodging


You had 5 spell levels left.
You didn't know any spells.

Dungeon Overview and Level Annotations

Branches:
Dungeon (3/15)

Altars:
Elyvilon
Makhleb


Message History

You hit the kobold but do no damage. You hit the adder.
The adder is lightly wounded.
The adder bites you.
* * * LOW HITPOINT WARNING * * *
The kobold hits you but does no damage.
You closely miss the adder.
The adder is lightly wounded.
You barely miss the kobold. The adder bites you.
* * * LOW HITPOINT WARNING * * *
You are poisoned.
The adder poisons you! The kobold barely misses you.
The adder barely misses you. The kobold hits you with a dagger.
* * * LOW HITPOINT WARNING * * *
You closely miss the adder.
The adder is lightly wounded.
You miss the kobold.
* * * LOW HITPOINT WARNING * * *
You feel sick. The adder bites you but does no damage.
The kobold hits you with a dagger.
You die...

...#.##...# ##...)......#
#.....(..## #...........#
.......#### #....#.######
..###.....###....#.###
...##.###.........())#########
..###..####......†##)#.(.....#
..###...###<#...(.##(#.......#
####..............##..((.....#
###...........S@.####.......#
##...........#.#K## #.......#
...#.)......##..g# #...)...#
.###........###..# #########
.###........# ##.#
.#.)).......# #.......#
.##)##......# #....S...
##...##...".# ....g....
#.....####### .........


You could see an adder, a goblin and a kobold.

Vanquished Creatures
  A phantom (D:3)
  An orc priest (D:3)
  3 gnolls (D:3)
  7 adders
  5 worms
  A giant gecko (D:1)
  4 orcs (D:3)
  A giant cockroach (D:3)
  5 goblins
  9 hobgoblins
  5 jackals
  2 ball pythons
  4 bats
  2 giant newts
  6 kobolds
  6 rats
62 creatures vanquished.

Notes
Turn   | Place    | Note
--------------------------------------------------------------
     0 | D:1      | Radiman, the Hill Orc Berserker, began the quest for the Orb.
     0 | D:1      | Reached XP level 1. HP: 19/19 MP: 1/1
   217 | D:1      | Reached XP level 2. HP: 21/26 MP: 2/2
   582 | D:1      | Reached skill level 5 in Axes
   900 | D:2      | Found a burning altar of Makhleb.
   994 | D:2      | HP: 1/26 [worm (8)]
   995 | D:2      | Acquired Trog's second power
   995 | D:2      | Reached XP level 3. HP: 1/31 MP: 3/3
  1331 | D:2      | Reached skill level 6 in Axes
  1404 | D:2      | Reached XP level 4. HP: 39/39 MP: 4/4
  1895 | D:3      | Noticed a phantom
  1971 | D:3      | Reached skill level 7 in Axes
  2114 | D:3      | Found a white marble altar of Elyvilon.
  2140 | D:3      | Reached XP level 5. HP: 45/45 MP: 5/5
  2294 | D:3      | Killed a phantom
  2294 | D:3      | Reached skill level 8 in Axes
  2333 | D:3      | Reached XP level 6. HP: 28/51 MP: 6/6
  2740 | D:3      | Reached skill level 9 in Axes
  2758 | D:3      | Slain by a kobold

Action                   |  1- 3 |  4- 6 || total
-------------------------+-------+-------++-------
Melee: Hand axe          |    87 |   181 ||   268
Invok: Berserk           |     1 |     2 ||     3
  Eat: Chunk             |     3 |     5 ||     8
